 Dungeon Crawl Stone Soup version 0.15-a0-347-ga2bb22c (webtiles) character file.

259 Foatgucker the Ruinous (level 5, -4/35 HPs)
             Began as a Mummy Conjurer on Apr 29, 2014.
             Slain by a phantom (6 damage)
             ... on Level 4 of the Dungeon.
             The game lasted 00:13:48 (3320 turns).

Foatgucker the Ruinous (Mummy Conjurer)             Turns: 3320, Time: 00:13:48

HP  -4/35        AC  5     Str 11      XL: 5   Next: 13%
MP   0/9         EV 10     Int 15      God:
Gold 105         SH  0     Dex 12      Spells:  3 memorised,  1 level left

rFire  . . .     SeeInvis .     d - +0,+1 dagger (flame)
rCold  . . .     Clarity  .     m - +0 leather armour (curse)
rNeg   + + +     Conserve .     (no shield)
rPois  +         rCorr    .     f - +2 hat
rElec  .         rRot     +     (no cloak)
SustAb . .       Spirit   .     (no gloves)
rMut   .         Warding  .     (no boots)
Saprov . . .     Stasis   +     h - amulet of stasis
MR     .....                    (no ring)
                                a - ring of fire

@: not resistant to hostile enchantments, unstealthy
A: no food or potions, fire vulnerability, restore body, cold resistance 1, life
protection 3, poison resistance, torment resistance, unbreathing
a: no special abilities


You were on level 4 of the Dungeon.
You were not hungry.

You visited 1 branch of the dungeon, and saw 4 of its levels.

You collected 105 gold pieces.

Inventory:

Hand weapons
 d - a +0,+1 dagger of flaming (weapon)
 j - a +0,+0 short sword
 l - a +0,+1 short sword of venom
Armour
 f - a +2 hat (worn)
 m - a cursed +0 leather armour (worn)
Scrolls
 b - a scroll of identify
 e - 3 scrolls of remove curse
 g - a scroll of amnesia
 i - a scroll of fear
 k - a scroll of immolation
Jewellery
 a - a ring of fire (left hand)
 h - an amulet of stasis (around neck)
Books
 c - a book of Conjurations

   Spells                             Type                      Level
   *Magic Dart                        Conjuration                  1
   Searing Ray                        Conjuration                  2
   *Dazzling Spray                    Conjuration/Hexes            3
   *Fulminant Prism                   Conjuration/Hexes            4
   Iskenderun's Mystic Blast          Conjuration                  4
   Iskenderun's Battlesphere          Conjuration/Charms           5


   Skills:
 - Level 1.5 Dodging
 - Level 1.5 Stealth
 - Level 2.7 Spellcasting
 - Level 4.4 Conjurations
 * Level 2.2 Hexes


You had one spell level left.
You knew the following spells:

 Your Spells              Type           Power        Failure   Level  Hunger
a - Magic Dart            Conj           ###.         3%          1    N/A
b - Dazzling Spray        Conj/Hex       ##......     17%         3    N/A
c - Fulminant Prism       Conj/Hex       ##........   54%         4    N/A

Dungeon Overview and Level Annotations

Branches:
Dungeon (4/15)
 Temple: D:4-7

Altars:
Ashenzari
Cheibriados
Vehumet
Xom
Yredelemnul

Shops:
D:4 =


Innate Abilities, Weirdness & Mutations

You do not eat or drink.
Your flesh is vulnerable to fire.
Your flesh is cold resistant.
You are immune to negative energy.
Your system is resistant to poisons.
You are immune to unholy pain and torment.
You can survive without breathing.


Message History

The phantom is almost destroyed.
The phantom closely misses you.
You barely miss the phantom.
The phantom is almost destroyed.
The phantom hits you.
You hit the phantom but do no damage.
The phantom is severely damaged.
The phantom hits you.
You hit the phantom but do no damage.
The phantom is severely damaged.
The phantom hits you.
* * * LOW HITPOINT WARNING * * *
You barely miss the phantom.
The phantom is severely damaged.
The phantom hits you.
* * * LOW HITPOINT WARNING * * *
You closely miss the phantom.
The phantom is severely damaged.
The phantom hits you.
You die...

#..#######..>........
#..# #...........
#..# #...........
#..# #?.........#
#♣.# #.....).... #..#
#..... ... ♣∩♣# ....
. #.§# ..#
#♣.#######..#
#..U@.......#
#..#######..# #..#
..# #..# ..# #..# .U#
#..# ... #..# ....
#..# .... . .


You could see a phantom.

Vanquished Creatures
  An orc priest (D:4)
  An orc wizard (D:4)
  2 adders
  2 worms (D:2)
  A giant gecko (D:1)
  2 orcs (D:4)
  8 bats
  4 giant cockroaches
  6 goblins
  8 hobgoblins
  10 jackals
  A giant newt (D:1)
  4 kobolds
  A quokka (D:2)
  7 rats
58 creatures vanquished.

Vanquished Creatures (others)
  3 butterflies (D:4)
3 creatures vanquished.

Grand Total: 61 creatures vanquished

Notes
Turn   | Place    | Note
--------------------------------------------------------------
     0 | D:1      | Foatgucker, the Mummy Conjurer, began the quest for the Orb.
     0 | D:1      | Reached XP level 1. HP: 13/13 MP: 3/3
   363 | D:1      | Reached XP level 2. HP: 19/19 MP: 0/4
  1026 | D:2      | Reached XP level 3. HP: 24/24 MP: 0/6
  1086 | D:2      | Learned a level 3 spell: Dazzling Spray
  1204 | D:2      | Reached skill level 4 in Conjurations
  1665 | D:2      | Found a snail-covered altar of Cheibriados.
  1763 | D:2      | Found a basalt altar of Yredelemnul.
  1763 | D:2      | Found a shattered altar of Ashenzari.
  1764 | D:2      | Found a radiant altar of Vehumet.
  1765 | D:2      | Found a shimmering altar of Xom.
  2125 | D:3      | Reached XP level 4. HP: 2/30 MP: 1/8
  2127 | D:3      | HP: 1/30 [giant cockroach (2)]
  2427 | D:3      | Learned a level 4 spell: Fulminant Prism
  2446 | D:3      | Noticed a centaur
  2972 | D:4      | Reached skill level 1 in Hexes
  3036 | D:4      | Reached XP level 5. HP: 12/35 MP: 0/9
  3246 | D:4      | Found Myucuunu's Jewellery Shoppe.
  3263 | D:4      | Noticed a phantom
  3320 | D:4      | Slain by a phantom

Action                   |  1- 3 |  4- 6 || total
-------------------------+-------+-------++-------
Melee: Unarmed           |     9 |       ||     9
       Short sword       |    55 |    19 ||    74
       Dagger            |       |    16 ||    16
 Cast: Magic Dart        |    82 |    34 ||   116
       Dazzling Spray    |       |     4 ||     4
  Use: Scroll            |     3 |       ||     3
